 Dungeon Crawl Stone Soup version 0.29-a0-666-g26d293caef (webtiles) character file.

Game seed: 2577614320704166384

1404 MeArio the Fighter (level 8, -14/78 HPs)
             Began as a Minotaur Fighter on June 23, 2022.
             Was a Follower of Okawaru.
             Killed from afar by a steam dragon (18 damage)
             ... with a ball of steam
             ... on level 6 of the Dungeon.
             The game lasted 00:12:13 (7490 turns).

MeArio the Fighter (Minotaur Fighter)               Turns: 7490, Time: 00:12:13

Health: -14/78     AC:  9    Str: 24    XL:     8   Next: 42%
Magic:  7/7        EV: 10    Int:  5    God:    Okawaru [*.....]
Gold:   349        SH:  6    Dex:  9    Spells: 7/7 levels left

rFire   . . .      SeeInvis .   a - +0 long sword
rCold   . . .      Faith    .   c - +1 buckler
rNeg    . . .      Spirit   .   p - +3 leather armour
rPois   .          Reflect  .   (helmet restricted)
rElec   .          Harm     .   o - +0 cloak
rCorr   .          Rampage  .   (no gloves)
Will    .....                   k - +0 pair of boots
Stlth   +.........              (no amulet)
HPRegen 0.23/turn               (no ring)
MPRegen 0.10/turn               (no ring)

@: studying Fighting
A: horns 2, retaliatory headbutt
a: Renounce Religion, Heroism


You were on level 6 of the Dungeon.
You worshipped Okawaru.
Okawaru was aware of your devotion.
You visited 2 branches of the dungeon, and saw 7 of its levels.

You collected 349 gold pieces.

Inventory:

Hand Weapons
 a - a +0 long sword (weapon)
Missiles
 h - 17 poisoned darts (quivered)
Armour
 b - a +0 scale mail
 c - a +1 buckler (worn)
 k - a +0 pair of boots (worn)
 o - a +0 cloak (worn)
 p - a +3 leather armour (worn)
Jewellery
 e - a ring of ice
Wands
 j - a wand of acid (6)
 q - a wand of digging (8)
 w - a wand of flame (23)
Scrolls
 r - a scroll of blinking
 s - a scroll of summoning {unknown}
 u - a scroll of fear
 v - 2 scrolls of poison {unknown}
Potions
 d - a potion of might
 f - a potion of attraction
 g - a potion of haste {unknown}
 i - 4 potions of lignification
 l - a potion of heal wounds {unknown}
 m - a potion of magic {unknown}
 n - 2 potions of degeneration {unknown}
 t - 2 potions of curing
 x - a potion of mutation {unknown}


   Skills:
 + Level 9.3 Fighting
 + Level 6.6 Long Blades
 + Level 7.2 Armour
 + Level 7.2 Shields


You had 7 spell levels left.
You didn't know any spells.
Your spell library contained the following spells:

 Spells                   Type           Power      Damage    Failure   Level
 Beastly Appendage        Tmut           0%         N/A       58%         1
 Wereblood                Tmut           0%         N/A       75%         2
 Spider Form              Tmut/Pois      0%         N/A       92%         3


Dungeon Overview and Level Annotations

Branches:
Dungeon (6/15)             Temple (1/1) D:6

Altars:
Cheibriados
Dithmenos
Elyvilon
Fedhas
Gozag
Hepliaklqana
Kikubaaqudgha
Makhleb
Nemelex Xobeh
Okawaru
Qazlal
Ru
Sif Muna
Trog
Uskayaw
Vehumet
Wu Jian
Xom
Yredelemnul
Zin

Shops:
D:2 (   D:4 [

Annotations:
D:6 2 transporters, Bruhh's ghost, novice TrGl


Innate Abilities, Weirdness & Mutations

You have a pair of horns on your head.
You reflexively headbutt those who attack you in melee.


Message History

You block the steam dragon's attack. The steam dragon closely misses you.
You hit the steam dragon.
The steam dragon is lightly wounded.
You are engulfed in a cloud of scalding steam.
The steam dragon bites you. The steam dragon misses you.
You barely miss the steam dragon.
The steam dragon is lightly wounded.
You are engulfed in a cloud of scalding steam.
The steam dragon breathes steam at you. The ball of steam hits you!!
The steam dragon barely misses you.
The steam dragon claws you but does no damage.
You hit the steam dragon.
The steam dragon is moderately wounded.
You are engulfed in a cloud of scalding steam.
The steam dragon barely misses you. You furiously retaliate!
You headbutt the steam dragon, but do no damage.
The steam dragon claws you but does no damage.
You slash the steam dragon!
The steam dragon is heavily wounded.
You are engulfed in a cloud of scalding steam.
The steam dragon breathes steam at you. The ball of steam hits you!
You closely miss the steam dragon. Your headbutt misses the steam dragon.
The steam dragon is heavily wounded.
The steam dragon closely misses you. The steam dragon barely misses you.
You hit the steam dragon. Your headbutt misses the steam dragon.
The steam dragon is heavily wounded.
The steam dragon breathes steam at you. The ball of steam hits you!!
* * * LOW HITPOINT WARNING * * *
You hit the steam dragon but do no damage.
The steam dragon is heavily wounded.
The steam dragon bites you.
* * * LOW HITPOINT WARNING * * *
You block the steam dragon's attack.
You barely miss the steam dragon.
The steam dragon is heavily wounded.
The steam dragon breathes steam at you. The ball of steam hits you!!
You die...

..#$$....#.######...#...........#
# .#...##.##>...........###..###
.. #....#................# #.....
## .#####.#.#............###...##
©####.....#.####....#........#.#
.........##.####....#.########.#
)#####.####.#.........# #.#
...[...####.#.##D.....# #.##
#####.......#.##@#.#..# #..
#####..###....§§......# ###
...##..# #.#####.#.#.## ##
##.....# #.# #§#.#.# ### ###.
#####.## #.# #§§...# ##.####...
......# #.# #.###.###...##..##
####### #.#####.# #....g...).###
###.......#######...##.###
#.>.........## ##.###..).


You could see a steam dragon (catching breath).

Vanquished Creatures
  Prince Ribbit (D:6)
  Menkaure (D:5)
  2 ice beasts (D:6)
  A black bear (D:6)
  An ogre (D:6)
  2 kobold brigands (D:6)
  A scorpion (D:6)
  A bullfrog (D:6)
  A necrophage (D:6)
  A wight (D:6)
  An orc priest (D:6)
  2 hounds (D:5)
  Jessica (D:2)
  An orc wizard (D:5)
  2 iguanas (D:4)
  5 adders
  4 gnolls
  A worm (D:5)
  2 dart slugs
  15 orcs
  4 bats (D:1)
  3 endoplasms
  2 giant cockroaches
  4 hobgoblins
  7 jackals
  3 quokkas
  5 ball pythons
  A frilled lizard (D:1)
  6 goblins
  11 kobolds
  6 rats
98 creatures vanquished.

Vanquished Creatures (others)
  2 plants (D:5)
2 creatures vanquished.

Grand Total: 100 creatures vanquished

Notes
Turn   | Place    | Note
-------+----------+-------------------------------------------
     0 | D:1      | MeArio the Minotaur Fighter began the quest for the Orb.
     0 | D:1      | Reached XP level 1. HP: 19/19 MP: 0/0
   165 | D:1      | Reached XP level 2. HP: 19/27 MP: 1/1
   581 | D:1      | Found a faded altar of an unknown god.
   857 | D:2      | Found Ekkuqaaf's Antique Weapon Shop.
   993 | D:2      | Noticed Jessica
  1012 | D:2      | Killed Jessica
  1013 | D:2      | Reached skill level 4 in Fighting
  1013 | D:2      | Reached XP level 3. HP: 23/33 MP: 2/2
  1863 | D:3      | Identified a scroll of acquirement
  1863 | D:3      | Acquired a manual of Fighting
  2293 | D:3      | Noticed an ogre
  2363 | D:2      | Reached XP level 4. HP: 8/41 MP: 3/3
  3222 | D:4      | Found Dainogo's Armour Shop.
  3551 | D:4      | Found a shadowy altar of Dithmenos.
  3552 | D:4      | Found a blossoming altar of Fedhas.
  3760 | D:5      | Entered Level 5 of the Dungeon
  3867 | D:4      | Reached skill level 5 in Fighting
  3875 | D:4      | Reached XP level 5. HP: 10/48 MP: 4/4
  4547 | D:5      | Found a hazy altar of Hepliaklqana.
  4659 | D:5      | Reached skill level 5 in Armour
  4659 | D:5      | Reached skill level 5 in Shields
  4845 | D:5      | Reached XP level 6. HP: 54/57 MP: 5/5
  4858 | D:5      | Found Bedalisk's Assorted Antiques.
  4880 | D:5      | Reached skill level 6 in Fighting
  4963 | D:5      | Noticed Menkaure
  5054 | D:5      | Killed Menkaure
  5432 | D:6      | Noticed Prince Ribbit
  5455 | D:6      | Killed Prince Ribbit
  5456 | D:6      | Reached skill level 7 in Fighting
  5456 | D:6      | Reached skill level 5 in Long Blades
  5456 | D:6      | Reached XP level 7. HP: 22/66 MP: 6/6
  5702 | D:6      | Found a staircase to the Ecumenical Temple.
  5712 | Temple   | Entered the Ecumenical Temple
  5808 | Temple   | Became a worshipper of Warmaster Okawaru
  6132 | D:6      | Noticed Bruhh's ghost (novice TrGl)
  6190 | D:6      | Found a transporter.
  6210 | D:6      | Found a transporter.
  6418 | D:6      | Reached skill level 8 in Fighting
  6484 | D:6      | Noticed a steam dragon
  6814 | D:6      | Reached * piety under Okawaru
  6815 | D:6      | Reached XP level 8. HP: 57/75 MP: 7/7
  7121 | D:6      | Reached skill level 9 in Fighting
  7489 | D:6      | HP: 3/78 [steam dragon (4)]
  7490 | D:6      | Killed from afar by a steam dragon

Illustrated notes

Levels and vault maps discovered:
D:1:      lemuel_arrival_funnel, layout_loops_cross,
          shapermc_ecumenical_altar_starsandcircs, due_unseen_surprise
D:2:      layout_basic, serial_shops, shop, uniq_jessica
D:3:      layout_loops_ring
D:4:      layout_basic, mainiacjoe_overflow_divided_tiny, serial_shops,
          nicolae_inconvenience_store, serial_park_tiny_pond
D:5:      layout_rooms, nicolae_hepliaklqana_hazy_memory, serial_shops, shop,
          palyth_stone_intersect, uniq_menkaure
D:6:      layout_loops_cross, minmay_temple_entry_glassed_door,
          gammafunk_ghost_stat_death, minmay_starry_boxes, uniq_prince_ribbit1
Temple:   minmay_temple_bridge_d

Skill      XL: |  1  2  3  4  5  6  7  8 |
---------------+-------------------------+-----
Armour         | 4 5 6 7 |  7.2
Shields        | 4 5 6 7 |  7.2
Fighting       | 4 5 7 8 9 |  9.3
Long Blades    | 3 4 5 6 |  6.6

Action                   |  1- 3 |  4- 6 |  7- 9 || total
-------------------------+-------+-------+-------++-------
Melee: Long sword        |   103 |   143 |   122 ||   368
       Headbutt          |    10 |    24 |    16 ||    50
Throw: Throwing net      |     1 |       |       ||     1
  Use: Scroll            |     8 |     3 |       ||    11
Armor: Scale mail        |    53 |       |       ||    53
       Leather armour    |       |    69 |    50 ||   119
Dodge: Dodged            |    55 |    77 |    66 ||   198
Block: Buckler           |    39 |    39 |    40 ||   118

Table legend: (Time is in decaauts)
 A = Elapsed time spent in this place.
 B = Non-inter-level travel time spent in this place.
 C = Inter-level travel time spent in this place.
 D = Time resting spent in this place.
 E = Time spent auto-exploring this place.
 F = Levels seen in this place.
 G = Mean time per level.
                   A        B        C        D        E       F      G
               +--------+--------+--------+--------+--------+-----+--------+
         Total |   7583 |   7405 |    178 |   1860 |   3957 |   7 | 1083.3 |
       Dungeon |   7413 |   7308 |    105 |   1860 |   3886 |   6 | 1235.5 |
        Temple |    169 |     96 |     73 |      0 |     71 |   1 |  169.0 |
               +--------+--------+--------+--------+--------+-----+--------+

Top non-repeatable levels by time:
     D:5: 1734 daAuts
     D:6: 1510 daAuts
     D:2: 1285 daAuts
     D:4: 1227 daAuts
     D:1: 853 daAuts
     D:3: 803 daAuts
  Temple: 169 daAuts
